 Dungeon Crawl Stone Soup version 0.14-a0-1719-ga7e7698 (webtiles) character file.

14213 Jake482 the Grappler (level 11, -2/135 (141) HPs)
             Began as a Troll Monk on Jan 2, 2014.
             Slain by an eight-headed hydra (13 damage)
             ... on Level 2 of the Lair of Beasts.
             The game lasted 01:31:06 (11681 turns).

Jake482 the Grappler (Troll Monk)                  Turns: 11681, Time: 01:31:08

HP  -2/135 (141) AC  7     Str 26      XL: 11   Next: 77%
MP   4/4         EV 16     Int  3 (6)  God:
Gold 626         SH  0     Dex 15      Spells:  0 memorised, 10 levels left

rFire  x . .     SeeInvis .       - Unarmed
rCold  + + .     Clarity  .     C - +2 elf robe
rNeg   . . .     Conserve .     (shield restricted)
rPois  .         rCorr    .     (helmet restricted)
rElec  .         rRot     .     (no cloak)
SustAb . .       Spirit   .     (gloves unavailable)
rMut   .         Warding  .     (boots unavailable)
Gourm  +         Stasis   .     (no amulet)
                                Z - ring of protection from cold
                                d - ring of ice

@: berserking, very quick, somewhat resistant to hostile enchantments, extremely
unstealthy
A: unfitting armour, claws 3, fast metabolism 3, gourmand, regeneration 2,
saprovore 2, shaggy fur 1, tough skin 2
a: no special abilities


You were on level 2 of the Lair of Beasts.
You were completely stuffed.

You visited 2 branches of the dungeon, and saw 13 of its levels.
You also visited: Ossuary.

You collected 1023 gold pieces.
You spent 397 gold pieces at shops.

Inventory:

Missiles
 w - 5 tomahawks (quivered)
Armour
 C - a +2 elven robe (worn)
Magical devices
 x - a wand of cold (7)
 A - a wand of fireball (3)
 B - a wand of magic darts (13) {unknown}
 H - a wand of flame (7)
 J - a wand of disintegration (16)
 S - a wand of lightning (5)
 X - a wand of cold (0)
Comestibles
 b - 5 meat rations
 f - an apple
 s - 8 bread rations
 Q - 8 slices of pizza
Scrolls
 a - 5 scrolls of identify
 e - 3 scrolls of blinking
 i - 11 scrolls of remove curse
 l - a scroll of immolation {unknown}
 m - a scroll of random uselessness
 n - 4 scrolls of enchant armour
 p - 4 scrolls of magic mapping
 t - 3 scrolls of fear
 u - a scroll of enchant weapon II
 y - 3 scrolls of teleportation
 z - 2 scrolls of enchant weapon I
 E - a scroll of amnesia
 P - a scroll of enchant weapon III {unknown}
Jewellery
 c - an uncursed ring of sustenance
 d - a ring of ice (left claw)
 j - an uncursed ring of wizardry
 G - an uncursed ring of ice
 I - an uncursed ring of protection from magic
 R - an uncursed ring of protection from magic
 U - a +1 ring of dexterity
 Y - an uncursed ring of ice
 Z - a ring of protection from cold (right claw)
Potions
 g - a potion of cure mutation
 h - 2 potions of agility
 k - 2 potions of curing
 o - a potion of flight
 v - 2 potions of brilliance
 K - 2 potions of resistance
 M - 2 potions of might
Books
 q - a book of Conjurations

   Spells                             Type                      Level
   Magic Dart                         Conjuration                  1
   Searing Ray                        Conjuration                  2
   Dazzling Spray                     Conjuration/Hexes            3
   Iskenderun's Mystic Blast          Conjuration                  4
   Iskenderun's Battlesphere          Conjuration/Charms           4
   Fulminant Prism                    Conjuration/Hexes            5
 r - a book of Wizardry

   Spells                             Type                      Level
   Summon Elemental                   Summoning                    4
   Agony                              Necromancy                   5
   Force Lance                        Conjuration                  5
   Fireball                           Conjuration/Fire             5
   Haste                              Charms                       6
   Invisibility                       Hexes                        6
Miscellaneous
 V - a plain deck of escape


   Skills:
 - Level 2.4 Fighting
 - Level 11.2 Dodging
 - Level 1.1 Stealth
 + Level 14.0 Unarmed Combat


You had 10 spell levels left.
You didn't know any spells.

Dungeon Overview and Level Annotations

Branches:
Dungeon (10/16)            Temple (0/1) D:5             Orc (0/4) D:9
   Lair (3/8) D:10
  Swamp: Lair:3-6    Shoals: Lair:3-6     Snake: Lair:3-6    Spider: Lair:3-6

Altars:
Ashenzari
Elyvilon
Nemelex Xobeh
Trog

Shops:
D:7 ?   D:10 *

Portals:
Trove: D:10 (show horn of Geryon)
Ice
Cave: Lair:3


Innate Abilities, Weirdness & Mutations

You are too large for most types of armour.
You have claws for hands.
Your metabolism is lightning-fast.
You like to eat raw meat.
You heal very quickly.
You can eat rotten meat.
You are covered in fur (AC +1).
You have very tough skin (AC +2).


Message History

You rip one of the five-headed hydra's heads off!
The four-headed hydra grows two more!
You claw the six-headed hydra!
The six-headed hydra is heavily wounded.
You tear one of the six-headed hydra's heads off!
The five-headed hydra grows two more!
You mangle the seven-headed hydra!! You claw the seven-headed hydra!!
The seven-headed hydra is almost dead.
You claw one of the seven-headed hydra's heads off!
The six-headed hydra grows two more!
You claw the eight-headed hydra!
The eight-headed hydra is almost dead.
The eight-headed hydra bites you!
* * * LOW HITPOINT WARNING * * *
The eight-headed hydra bites you!
* * * LOW HITPOINT WARNING * * *
The eight-headed hydra bites you!
* * * LOW HITPOINT WARNING * * *
The eight-headed hydra barely misses you.
The eight-headed hydra completely misses you.
The eight-headed hydra bites you!
You die...

### #.#### ### ### .###P##
###.###.# ######## ...f..##
#....(..## ##.#.##.f
#.P.f..#####.....D..#####.......#
......###.##....@...#............
...fP..##.##.....(.##...........f
#........###.....>.f..#.#..|....#
#.f.###f...........'.###.....%...
.>f......###.......### ##.......#
.%#...##f##........## #.......#
......####.#........# #f.#.###.
#.#....# #..##...#### ##...##.#
###..### ####..##.### #####.+#..#


You could see an eight-headed hydra (bleeding).

Vanquished Creatures
  Gastronok (Lair:2)
  Fannar (Lair:2)
  Erolcha (D:8)
  A black mamba (Lair:1)
  A feature mimic (D:10)
  Grinder (D:6)
  3 blink frogs (Lair:1)
  A basilisk (Lair:1)
  6 yaks (Lair:2)
  A hungry ghost (D:8)
  A steam dragon (D:7)
  6 hippogriffs
  Edmund (D:8)
  11 wolves
  4 porcupines
  3 sky beasts
  A black bear (D:7)
  An orc warrior (D:9)
  A deep dwarf (D:9)
  3 ogres
  A phantom (D:7)
  3 crocodiles
  Duvessa (D:6)
  A big kobold (D:10)
  A centaur (D:4)
  5 water moccasins
  2 gnoll sergeants
  Blork the orc (D:6)
  13 giant frogs
  2 agate snails
  A yak zombie (D:9)
  A troll zombie (D:10)
  The ghost of Psiweapon the Charlatan, a weakling OpAr of Nemelex Xobeh (D:3)
  A quasit (D:7)
  Dowan (D:6)
  3 jellies
  7 crimson imps
  5 goliath beetles
  4 hounds
  8 orc priests
  2 gnoll shamans (D:5)
  3 scorpions
  An iguana (D:8)
  6 orc wizards
  14 worker ants
  4 sheep (Lair:3)
  A hound zombie (D:5)
  An ogre skeleton (D:10)
  Terence (D:3)
  11 mummies
  10 adders
  61 gnolls
  4 giant centipedes
  2 giant mites
  10 green rats (Lair:1)
  2 white imps (Lair:3)
  7 worms
  An adder zombie (D:5)
  2 adder skeletons
  A giant eyeball (D:5)
  3 giant geckos
  2 oozes
  34 orcs
  A bat skeleton (D:6)
  5 giant cockroaches
  A gnoll zombie (Ossuary)
  14 hobgoblins
  24 jackals
  7 quokkas
  4 ball pythons
  19 bats
  A giant mite zombie (D:6)
  4 giant newts
  A giant spore (D:6)
  14 goblins
  A goblin skeleton (D:4)
  A hobgoblin zombie (Ossuary)
  A jackal zombie (D:7)
  13 kobolds
  A kobold skeleton (D:6)
  3 kobold zombies
  5 orc zombies
  10 rats
  3 ballistomycetes (D:6)
  2 butterflies (D:5)
  A plant (D:3)
430 creatures vanquished.

Vanquished Creatures (others)
  2 orcs (D:9)
  A giant spore (D:6)
3 creatures vanquished.

Grand Total: 433 creatures vanquished

Notes
Turn   | Place    | Note
--------------------------------------------------------------
     0 | D:1      | Jake482, the Troll Monk, began the quest for the Orb.
     0 | D:1      | Reached XP level 1. HP: 22/22 MP: 1/1
   322 | D:1      | Reached XP level 2. HP: 29/29 MP: 1/1
   906 | D:2      | Reached skill level 5 in Unarmed Combat
   906 | D:2      | Reached XP level 3. HP: 34/36 MP: 2/2
  1572 | D:3      | Reached XP level 4. HP: 34/44 MP: 2/2
  1723 | D:3      | Noticed Psiweapon's ghost (weakling OpAr)
  1727 | D:3      | Killed Psiweapon's ghost
  1727 | D:3      | Reached skill level 6 in Unarmed Combat
  1846 | D:3      | Noticed Terence
  1852 | D:3      | Killed Terence
  1890 | D:3      | Reached XP level 5. HP: 37/50 MP: 2/2
  2801 | D:4      | Reached skill level 7 in Unarmed Combat
  2928 | D:4      | Noticed a centaur
  2946 | D:4      | Killed a centaur
  2946 | D:4      | Reached XP level 6. HP: 44/59 MP: 3/3
  3014 | D:4      | Found a sparkling altar of Nemelex Xobeh.
  3273 | D:4      | Reached skill level 8 in Unarmed Combat
  3572 | D:5      | Entered Level 5 of the Dungeon
  3591 | D:4      | Reached XP level 7. HP: 32/62 MP: 3/3
  3687 | D:5      | Found a staircase to the Ecumenical Temple.
  3809 | D:5      | Noticed a skeletal warrior
  3833 | D:5      | Reached skill level 9 in Unarmed Combat
  4257 | D:5      | Reached skill level 10 in Unarmed Combat
  4399 | D:5      | Reached XP level 8. HP: 68/70 MP: 3/3
  4564 | D:5      | Found a white marble altar of Elyvilon.
  4617 | D:5      | Identified Plog's Catalogue of Cloudy Attacks
  5248 | D:6      | Noticed Grinder
  5261 | D:6      | Paralysed by Grinder for 7 turns
  5269 | D:6      | Killed Grinder
  5269 | D:6      | Reached skill level 11 in Unarmed Combat
  5305 | D:6      | Noticed Dowan
  5307 | D:6      | Noticed Duvessa
  5318 | D:6      | Killed Duvessa
  5322 | D:6      | Killed Dowan
  5439 | D:6      | Noticed Blork the orc
  5469 | D:6      | Killed Blork the orc
  5516 | D:6      | Found a shattered altar of Ashenzari.
  5806 | D:6      | Reached XP level 9. HP: 74/76 MP: 4/4
  5940 | D:6      | Reached skill level 5 in Dodging
  6586 | D:7      | Found Ghaofeps' Magic Scroll Emporium.
  6646 | D:7      | Bought a scroll of identify for 30 gold pieces
  6646 | D:7      | Bought 3 scrolls of identify for 90 gold pieces
  6646 | D:7      | Bought a scroll of identify for 30 gold pieces
  6646 | D:7      | Bought 3 scrolls of enchant armour for 247 gold pieces
  6726 | D:7      | Found a sand-covered staircase.
  6745 | Ossuary  | Entered an ossuary
  6984 | D:7      | Found a bloodstained altar of Trog.
  7340 | D:8      | Reached XP level 10. HP: 61/84 MP: 4/4
  7401 | D:8      | Noticed Edmund
  7412 | D:8      | Killed Edmund
  7530 | D:8      | Noticed Erolcha
  7537 | D:8      | Killed Erolcha
  8198 | D:9      | Found a staircase to the Orcish Mines.
  8499 | D:9      | Reached skill level 10 in Dodging
  8663 | D:10     | Entered Level 10 of the Dungeon
  8748 | D:10     | Found a portal to a secret trove of treasure.
  8873 | D:10     | Found a staircase to the Lair.
  9136 | D:10     | Found Ceusaum's Demolitions Depot.
  9495 | Lair:1   | Entered Level 1 of the Lair of Beasts
  9838 | Lair:1   | Reached XP level 11. HP: 65/90 MP: 4/4
 10070 | Lair:1   | Noticed a black mamba
 10083 | Lair:1   | Killed a black mamba
 10095 | Lair:1   | Gained mutation: You are robust (+10% HP). [potion of mutation]
 10095 | Lair:1   | Lost mutation: You are robust (+10% HP). [potion of mutation]
 10095 | Lair:1   | Gained mutation: You evolve. [potion of mutation]
 10176 | Lair:1   | Reached skill level 12 in Unarmed Combat
 10578 | Lair:2   | Noticed Gastronok
 10598 | Lair:2   | Killed Gastronok
 10973 | Lair:2   | Noticed Fannar
 10985 | Lair:2   | Killed Fannar
 10985 | Lair:2   | Reached skill level 13 in Unarmed Combat
 11368 | Lair:2   | Lost mutation: You evolve. [evolution]
 11480 | Lair:3   | Found a frozen archway.
 11497 | Lair:3   | Noticed a four-headed hydra
 11567 | Lair:2   | Reached skill level 14 in Unarmed Combat
 11681 | Lair:2   | Slain by an eight-headed hydra

Action                   |  1- 3 |  4- 6 |  7- 9 | 10-12 || total
-------------------------+-------+-------+-------+-------++-------
Melee: Unarmed           |    99 |   175 |   471 |   511 ||  1256
Throw: Tomahawk          |       |       |     6 |       ||     6
Evoke: Wand              |       |       |     1 |       ||     1
  Use: Potion            |       |     2 |     3 |    20 ||    25
       Scroll            |       |     2 |     3 |    23 ||    28
 Stab: Sleeping          |       |     2 |     4 |     7 ||    13
